 Dungeon Crawl Stone Soup version 0.26.0-10-g1f06aea511 (webtiles) character file.

Game seed: 16922909717198204992

471 Borgoz the Slasher (level 7, 0/58 HPs)
             Began as a Ghoul Gladiator on Jan 15, 2021.
             Was an Initiate of Ashenzari.
             Slain by a gnoll sergeant
             ... wielding a +8 vorpal trident
              (1 damage)
             ... on level 5 of the Dungeon.
             The game lasted 00:03:37 (3680 turns).

Borgoz the Slasher (Ghoul Gladiator)                Turns: 3680, Time: 00:03:38

Health: 0/58       AC:  9    Str: 18    XL:     7   Next: 9%
Magic:  6/6        EV: 12    Int:  3    God:    Ashenzari [......]
Gold:   217        SH:  0    Dex: 12    Spells: 6/6 levels left

rFire    . . .     SeeInvis .   a - +0 long sword
rCold    + . .     Faith    .   (no shield)
rNeg     + + +     Spirit   .   n - +0 ring mail
rPois    ∞         Reflect  .   c - +0 helmet
rElec    .         Harm     .   (no cloak)
rCorr    .         Rampage  .   o - +1 pair of gloves {archery}
Will     .....                  (no boots)
Stlth    +.........             (no amulet)
HPRegen  0.00/turn              (no ring)
MPRegen  0.10/turn              (no ring)

@: no status effects
A: claws 1, cold resistance 1, negative energy resistance 3, inhibited
regeneration, torment resistance, unbreathing
a: Renounce Religion, Curse Item


You were on level 5 of the Dungeon.
You worshipped Ashenzari.
Ashenzari was noncommittal.
You visited 1 branch of the dungeon, and saw 5 of its levels.

You collected 217 gold pieces.

Inventory:

Hand Weapons
 a - a +0 long sword (weapon)
Missiles
 d - 3 throwing nets (quivered)
Armour
 c - a +0 helmet (worn)
 n - a +0 ring mail (worn)
 o - a +1 pair of gloves of archery (worn)
Jewellery
 q - an uncursed ring of fire
Scrolls
 b - a scroll of teleportation {unknown}
 e - 2 scrolls of random uselessness {unknown}
 f - a scroll of amnesia {unknown}
 j - a scroll of remove curse
 k - a scroll of enchant weapon {unknown}
 l - a scroll of magic mapping {unknown}
 m - 4 scrolls of identify {unknown}
Potions
 g - a potion of lignification {unknown}
 h - 3 potions of heal wounds
 i - a potion of curing {unknown}
 p - a potion of magic {unknown}
 r - a potion of attraction {unknown}


   Skills:
 + Level 3.8 Fighting
 * Level 4.6 Long Blades
 - Level 1.7 Throwing
 * Level 3.6 Armour
 + Level 3.7 Dodging


You had 6 spell levels left.
You didn't know any spells.
Your spell library was empty.

Dungeon Overview and Level Annotations

Branches:
Dungeon (5/15)             Temple (0/1) D:4

Altars:
Ashenzari
Nemelex Xobeh
Okawaru
Qazlal
Wu Jian
Zin


Innate Abilities, Weirdness & Mutations

You thrive by killing the living.
You are immune to poison.
You have sharp fingernails.
Your flesh is cold resistant. (rC+)
You are immune to negative energy. (rN+++)
You do not regenerate when monsters are visible.
You are immune to unholy pain and torment.
You can survive without breathing.


Message History

The gnoll sergeant hits you but does no damage.
You hit the gnoll sergeant.
The gnoll sergeant is severely wounded.
The sky beast flickers out of sight!
Deactivating autopickup; reactivate with Ctrl-A.
The gnoll sergeant hits you with a +8 vorpal trident!
The orc wizard gestures at itself while chanting.
The orc wizard flickers and vanishes!
You barely miss the gnoll sergeant.
The gnoll sergeant is severely wounded.
The gnoll sergeant hits you with a +8 vorpal trident.
You hit the gnoll sergeant.
The gnoll sergeant is almost dead.
The gnoll sergeant hits you with a +8 vorpal trident!
* * * LOW HITPOINT WARNING * * *
x2 You hit the gnoll sergeant but do no damage.
The gnoll sergeant is almost dead.
The gnoll sergeant hits you with a +8 vorpal trident.
* * * LOW HITPOINT WARNING * * *
You die...

######
#....######
#........<#
####....####.#
.... #.......#
#.# .o..
#..##.<..# #.#
...[.
...........#
#@# ...o.
...........#
#g# .o..ol
...>.......#
#w##...Y..
..........##
#g#o......
.........##
#{J(.#
........##
#{g.......
.........
...#.#S....
.......# .w..
J.....g..# ...


You could see a gnoll sergeant, a jelly, 2 gnolls and a dart slug.

Vanquished Creatures
  An ogre (D:4)
  A scorpion (D:4)
  2 hounds
  2 worker ants
  2 adders
  5 gnolls
  An ooze (D:3)
  5 worms
  6 dart slugs
  4 leopard geckos
  17 orcs
  3 ball pythons
  8 bats
  2 giant cockroaches
  14 goblins
  11 hobgoblins
  5 jackals
  A quokka (D:3)
  9 frilled lizards
  9 kobolds
  5 rats
113 creatures vanquished.

Notes
Turn   | Place    | Note
-------+----------+-------------------------------------------
     0 | D:1      | Borgoz the Ghoul Gladiator began the quest for the Orb.
     0 | D:1      | Reached XP level 1. HP: 17/17 MP: 0/0
   192 | D:1      | Reached XP level 2. HP: 25/25 MP: 1/1
   285 | D:1      | Reached skill level 3 in Long Blades
   285 | D:1      | Reached skill level 1 in Armour
   430 | D:1      | Reached XP level 3. HP: 25/30 MP: 2/2
  1074 | D:2      | Found a stormy altar of Qazlal.
  1077 | D:2      | Reached XP level 4. HP: 37/37 MP: 3/3
  1876 | D:2      | Found an ornate altar of the Wu Jian Council.
  1989 | D:2      | Noticed an angel
  1990 | D:2      | Found a glowing silver altar of Zin.
  2086 | D:3      | Reached XP level 5. HP: 39/44 MP: 4/4
  2330 | D:3      | Found a broken altar of Ashenzari.
  2330 | D:3      | Found a faded altar of an unknown god.
  2335 | D:3      | Found a sparkling altar of Nemelex Xobeh.
  2338 | D:3      | Became a worshipper of Ashenzari the Shackled
  2341 | D:3      | Found a faded altar of an unknown god.
  2343 | D:3      | Found an iron altar of Okawaru.
  2510 | D:3      | Found a faded altar of an unknown god.
  2528 | D:3      | Reached skill level 4 in Long Blades
  2734 | D:3      | Reached XP level 6. HP: 43/51 MP: 5/5
  3353 | D:4      | Reached XP level 7. HP: 55/58 MP: 6/6
  3578 | D:4      | Found a staircase to the Ecumenical Temple.
  3624 | D:5      | Entered Level 5 of the Dungeon
  3680 | D:5      | HP: 1/58 [gnoll sergeant/+8 vorpal trident (4)]
  3680 | D:5      | Slain by a gnoll sergeant

Illustrated notes

Levels and vault maps discovered:
D:1:      dpeg_arrival_oval, layout_basic, minmay_misc_feat_pillars
D:2:      layout_basic, nicolae_qazlal_general_emergency,
          general_overflow_altar, zin_angel, corexii_leaking_fountain
D:3:      layout_loops_cross, chequers_temple_overflow_minitemple,
          chequers_ecumenical_altar_simple
D:4:      layout_rooms, minmay_temple_entry_poolview
D:5:      layout_rooms, basic_altar, grunt_gozag_statues

Skill      XL: |  1  2  3  4  5  6 |
---------------+-------------------+-----
Long Blades    | 3 4 |  4.6
Armour         | 1 2 3 |  3.6
Dodging        | 3 |  3.7
Fighting       | 3 |  3.8
Throwing       | |  1.7

Action                   |  1- 3 |  4- 6 |  7- 9 || total
-------------------------+-------+-------+-------++-------
Melee: Long sword        |   101 |   198 |    44 ||   343
  Use: Potion            |       |       |     1 ||     1
Armor: Leather armour    |    33 |       |       ||    33
       Ring mail         |       |    77 |    12 ||    89
Dodge: Dodged            |    78 |   164 |    22 ||   264
       Rpst.: Long sword |    17 |    53 |     5 ||    75
